Map: Tokamak LE

Players

HeroMarine

  • Race: Terran Terran
  • Spawn Location: 7:00

STZsOs (sOs) - Winner!

  • Race: Protoss Protoss
  • Spawn Location: 1:00

Event: HomeStory Cup XXVII

VOD

Have the link to the VOD?

Description

Time

  • Played on: June 28, 2025, 1:01 p.m.
  • Length: 17:23

All games in this series

Show
View Real Time Build Order
Export as new Build Order

HeroMarine Terran 

Build Orders: Cyclone Opening 

Get SALT Encoding   

  12  0:00  SCV  
  13  0:12  SCV  
  14  0:16  Supply Depot  
  14  0:24  SCV  
  15  0:38  SCV  
  15  0:39  Barracks  
  15  0:42  Refinery  
  16  0:50  SCV  
  17  1:02  SCV  
  18  1:14  SCV  
  19  1:26  Orbital Command, Marine  
  20  1:38  Command Center  
  20  1:49  Factory  
  20  1:52  SCV  
  21  1:58  Refinery  
  21  2:04  SCV  
  22  2:09  Barracks Tech Lab  
  22  2:10  Supply Depot  
  22  2:16  SCV  
  23  2:32  SCV  
  23  2:36  Armory  
  24  2:38  Cyclone  
  24  2:44  Barracks Reactor, SCV  
  28  2:50  Orbital Command  
  28  2:56  SCV  
  29  3:02  Starport  
  29  3:05  Orbital Command  
  29  3:08  SCV  
  29  3:10  Widow Mine  
  32  3:20  Marine x2, SCV  
  32  3:22  Drilling Claws  
  35  3:29  Supply Depot  
  35  3:31  SCV  
  35  3:32  SCV, Widow Mine  
  39  3:38  Marine x2  
  41  3:43  SCV, Medivac  
  41  3:44  SCV  
  41  3:47  Supply Depot  
  45  3:55  SCV, Widow Mine  
  48  3:56  SCV  
  48  3:58  Marine x2  
  51  4:05  Refinery  
  51  4:07  SCV  
  51  4:08  SCV  
  53  4:13  Starport Tech Lab, Supply Depot, Barracks  
  53  4:19  Siege Tank  
  53  4:22  SCV x2  
  58  4:28  Marine  
  58  4:29  Supply Depot, Marine  
  60  4:34  SCV x2  
  62  4:39  Raven  
  64  4:46  SCV x2  
  64  4:50  Marine x2  
  66  4:57  Siege Tank  
  66  4:58  SCV x2  
  67  5:00  Barracks  
  67  5:05  Engineering Bay  
  67  5:08  Marine  
  67  5:10  Marine, SCV x2  
  67  5:13  Supply Depot  
  71  5:18  Stimpack, Marine  
  72  5:22  SCV x2  
  72  5:26  Refinery  
  74  5:30  Starport Reactor  
  74  5:31  Terran Infantry Weapons Level 1  
  74  5:32  Supply Depot  
  74  5:34  SCV x2  
  76  5:37  Marine  
  76  5:38  Marauder, Marine  
  76  5:40  Supply Depot  
  76  5:41  Factory Reactor  
  80  5:50  Command Center  
  80  5:57  Barracks, Combat Shield  
  80  6:00  Barracks  
  80  6:03  Marauder  
  84  6:06  Marauder  
  84  6:08  Marine x2  
  84  6:10  Medivac x2  
  90  6:12  SCV  
  90  6:13  SCV  
  92  6:22  Supply Depot x2  
  92  6:25  SCV x2  
  94  6:27  Marauder, Marine  
  94  6:28  Marine  
  98  6:33  Widow Mine x2  
  102  6:43  Medivac x2  
  102  6:46  Marauder  
  110  6:47  Barracks Reactor  
  110  6:48  Marauder  
  110  6:49  Barracks Tech Lab  
  110  6:53  SCV  
  111  6:55  Supply Depot, SCV  
  111  6:56  Supply Depot  
  112  7:05  SCV  
  112  7:06  Widow Mine  
  112  7:07  SCV, Widow Mine  
  118  7:12  Marauder x2, Concussive Shells  
  122  7:18  SCV  
  122  7:19  SCV  
  124  7:25  Terran Infantry Armor Level 1  
  124  7:28  Marauder  
  126  7:30  SCV  
  126  7:31  Orbital Command, SCV  
  126  7:34  Marauder  
  126  7:35  Marauder  
  132  7:42  SCV  
  132  7:44  SCV  
  134  7:45  Engineering Bay, Widow Mine x2  
  134  7:48  Supply Depot  
  134  7:50  Marauder  
  140  7:54  SCV  
  140  7:55  Marauder  
  140  7:56  Medivac  
  140  7:57  Marauder  
  68  7:58  Medivac  
  147  7:59  Missile Turret  
  149  8:07  Refinery x2  
  149  8:09  Supply Depot, Marine x2  
  149  8:10  SCV x3  
  149  8:11  Marauder, Supply Depot  
  156  8:19  Terran Infantry Weapons Level 2  
  156  8:31  Marauder x2  
  156  8:32  SCV x3  
  156  8:33  Marauder  
  158  8:40  Viking x2  
  159  8:44  SCV  
  141  8:52  Marauder x2, Supply Depot  
  141  8:54  Marauder, Starport  
  144  8:57  Marine  
  144  8:58  Marine x3  
  152  9:08  Terran Ship Weapons Level 1  
  152  9:10  Viking x2  
  152  9:13  Marauder x2  
  152  9:15  Marauder  
  154  9:18  Command Center  
  154  9:25  Factory Reactor  
  154  9:26  Supply Depot  
  154  9:28  Terran Infantry Armor Level 2, Sensor Tower  
  154  9:35  Marauder x2  
  154  9:37  Marauder  
  160  9:38  Missile Turret  
  160  9:40  Viking x2  
  160  9:44  Marine x4  
  160  9:45  Missile Turret  
  168  9:53  Viking x2  
  168  9:56  Marauder x2  
  168  9:58  Marauder  
  178  10:00  Missile Turret  
  178  10:02  Barracks  
  178  10:03  Barracks x2, Marine x3  
  178  10:06  Marine  
  182  10:13  Viking, Ghost Academy  
  182  10:14  Viking  
  186  10:19  Widow Mine  
  188  10:25  Widow Mine  
  186  10:28  Marauder x3  
  186  10:29  Marine x4  
  188  10:47  Marine x3  
  188  10:49  Marauder  
  192  10:50  Marauder, Medivac x2  
  192  10:51  Barracks Tech Lab x2, Widow Mine x2  
  192  10:52  Barracks Tech Lab  
  192  10:54  Terran Infantry Weapons Level 3  
  200  10:58  Missile Turret  
  198  11:04  Fusion Core  
  183  11:17  Ghost  
  183  11:18  Ghost x2  
  187  11:22  Marine x2, Planetary Fortress  
  187  11:23  Marauder x2  
  187  11:24  Marauder, Marine x2  
  200  11:30  Bunker  
  200  11:41  Command Center  
  200  11:46  Caduceus Reactor, Command Center  
  200  11:47  Terran Infantry Armor Level 3  
  200  12:00  Terran Ship Weapons Level 2  
  200  12:06  Command Center  
  199  12:29  Marauder x3  
  193  12:31  Marauder x2, Marine x2  
  193  12:36  Marine  
  199  12:38  SCV x2  
  199  12:40  SCV x2  
  190  12:46  Reaper  
  190  12:48  Marauder  
  190  12:50  Marauder x2  
  190  12:51  Marauder  
  192  12:53  Marauder  
  190  13:01  Orbital Command  
  190  13:05  Orbital Command  
  190  13:08  Bunker, Ghost  
  190  13:09  Ghost  
  190  13:11  Ghost x2  
  200  13:13  Command Center  
  200  13:17  Sensor Tower  
  189  13:34  Orbital Command  
  189  13:35  Viking x3  
  189  13:36  Viking  
  193  14:05  Missile Turret x2, Viking, Medivac x2  
  199  14:14  Barracks  
  199  14:15  Personal Cloaking  
  199  14:16  Barracks x2  
  199  14:17  Hi-Sec Auto Tracking  
  199  14:20  Missile Turret  
  199  14:23  Missile Turret  
  199  14:24  Neosteel Armor  
  199  14:25  Command Center  
  199  14:27  Orbital Command  
  196  14:40  Liberator  
  196  14:43  SCV x2  
  196  14:45  Missile Turret  
  196  15:04  Medivac  
  196  15:05  Medivac  
  165  15:15  Marauder x2  
  152  15:22  SCV x3  
  152  15:23  SCV x2  
  152  15:26  Medivac x2  
  152  15:27  Widow Mine x2  
  155  15:30  Marauder  
  155  15:34  Marine x3, SCV x3  
  155  15:35  Orbital Command, SCV  
  159  15:36  Ghost  
  159  15:37  Marauder  
  159  15:38  Marauder  
  166  15:43  SCV  
  166  15:44  Medivac x2  
  166  15:45  Marauder x2  
  166  15:46  SCV x2  
  166  15:47  Marine  
  178  15:55  Marauder, Marine  
  181  15:59  Marauder x2  
  185  16:10  Marauder  
  161  16:14  Marauder  
  161  16:15  Marauder  
  161  16:16  Marauder  
  154  16:18  SCV  
  154  16:19  SCV x4  
  154  16:20  Marauder x2  
  154  16:21  SCV  
  164  16:27  Missile Turret  
  164  16:30  Ghost  
  164  16:31  SCV x2  
  169  16:34  Barracks Reactor  
  169  16:35  Ghost, Barracks Tech Lab  
  169  16:36  Barracks Tech Lab  
  172  16:41  Ghost  
  172  16:45  Missile Turret  
  173  16:50  Ghost  
  171  16:54  SCV x2  
  146  17:03  SCV x3  
Show
View Real Time Build Order
Export as new Build Order

STZsOs Protoss - Winner!

Build Orders: 1 Gate Expand, Phoenix Opening, Colossus Rush 

Get SALT Encoding   

  12  0:00  Probe  
  13  0:12  Probe  
  14  0:16  Pylon  
  14  0:24  Probe  
  15  0:36  Probe  
  15  0:37  Gateway  
  16  0:48  Probe  
  17  1:01  Probe  
  18  1:10  Nexus  
  18  1:13  Probe  
  19  1:24  Cybernetics Core  
  19  1:27  Assimilator  
  19  1:31  Assimilator  
  19  1:33  Probe  
  20  1:41  Pylon  
  20  1:42  Probe  
  21  1:50  Probe  
  21  1:59  Probe  
  24  2:05  Warp Gate  
  24  2:07  Probe  
  24  2:16  Probe  
  24  2:19  Shield Battery, Probe  
  24  2:21  Phoenix  
  24  2:22  Sentry  
  27  2:27  Probe  
  27  2:28  Probe  
  30  2:37  Probe  
  30  2:38  Gateway  
  30  2:40  Probe  
  30  2:42  Stalker  
  32  2:50  Probe  
  35  2:53  Probe  
  35  2:55  Twilight Council  
  36  2:58  Phoenix  
  36  3:02  Probe  
  36  3:05  Probe  
  38  3:08  Gateway  
  38  3:17  Probe  
  38  3:18  Probe  
  40  3:20  Robotics Facility  
  40  3:23  Forge  
  40  3:27  Probe x2  
  40  3:32  Pylon  
  40  3:33  Charge  
  42  3:36  Probe x2  
  42  3:38  Assimilator  
  44  3:44  Protoss Ground Weapons Level 1, Probe x2  
  45  3:57  Probe  
  45  3:58  Probe  
  47  4:06  Photon Cannon  
  47  4:08  Pylon  
  47  4:09  Observer, Photon Cannon  
  48  4:16  Stalker  
  48  4:17  Stalker  
  52  4:28  Observer, Nexus  
  52  4:30  Stalker  
  55  4:35  Pylon  
  55  4:41  Zealot x2  
  59  4:56  Probe x2  
  59  4:58  Immortal  
  63  5:01  Zealot x3  
  63  5:04  Pylon  
  69  5:15  Robotics Bay  
  69  5:16  Pylon  
  69  5:25  Probe  
  69  5:27  Pylon  
  70  5:34  Probe  
  71  5:42  Probe  
  75  5:43  Probe  
  75  5:48  Colossus  
  73  5:50  Probe, Zealot  
  73  5:51  Probe, Zealot x2  
  73  5:55  Probe  
  82  5:57  Gateway  
  82  5:58  Gateway  
  82  6:00  Gateway  
  88  6:11  Extended Thermal Lance  
  88  6:12  Probe x3  
  88  6:13  Shield Battery  
  88  6:14  Phoenix  
  88  6:18  Pylon x2  
  91  6:23  Zealot x2  
  95  6:26  Colossus  
  95  6:29  Zealot  
  95  6:30  Probe  
  95  6:31  Probe x2  
  100  6:35  Pylon  
  99  6:46  Zealot x2  
  109  6:54  Zealot x2  
  109  6:55  Pylon  
  111  7:11  Nexus  
  111  7:12  Probe x3  
  111  7:14  Observer  
  114  7:15  Colossus  
  114  7:16  Zealot x4  
  114  7:17  Zealot  
  130  7:30  Forge  
  130  7:32  Forge, Blink  
  130  7:34  Protoss Ground Weapons Level 2  
  130  7:35  Shield Battery  
  130  7:39  Probe  
  130  7:40  Probe x2  
  133  7:44  Protoss Ground Armor Level 1  
  133  7:49  Pylon  
  133  7:50  Pylon  
  133  7:59  Gateway  
  133  8:01  Gateway  
  133  8:07  Probe x2  
  133  8:09  Stalker x3, Zealot  
  133  8:10  Zealot x2  
  147  8:15  Photon Cannon  
  147  8:20  Disruptor  
  147  8:23  Pylon, Shield Battery  
  147  8:26  Observer  
  143  8:38  Zealot x4  
  143  8:39  Zealot x2  
  153  8:42  Colossus  
  135  8:51  Pylon  
  133  8:56  Zealot x2  
  143  9:03  Probe  
  143  9:08  Zealot x2  
  148  9:10  Stalker x2, Zealot x2  
  148  9:13  Shield Battery  
  148  9:15  Pylon  
  153  9:18  Protoss Ground Armor Level 2  
  153  9:23  Stalker x2  
  157  9:31  Pylon  
  156  9:36  Colossus, Protoss Ground Weapons Level 3, Sentry  
  158  9:40  Pylon, Zealot x5  
  158  9:41  Observer  
  158  9:45  Nexus  
  174  9:50  Probe  
  174  9:51  Probe  
  176  9:54  Probe x2, Assimilator  
  176  9:56  Observer  
  178  10:01  Pylon  
  178  10:02  Probe  
  178  10:06  Zealot x7  
  178  10:07  Zealot  
  195  10:08  Probe  
  195  10:10  Assimilator  
  194  10:18  Pylon  
  192  10:21  Shield Battery  
  192  10:27  Pylon  
  192  10:28  Nexus  
  192  10:35  Observer  
  193  10:38  Gateway  
  193  10:39  Robotics Facility  
  193  10:43  Gateway x2  
  193  10:44  Zealot x4  
  193  10:46  Gateway  
  193  10:47  Photon Cannon  
  199  10:55  Observer  
  200  11:05  Disruptor  
  183  11:14  Observer, Protoss Ground Armor Level 3  
  179  11:18  Zealot x4  
  179  11:19  Zealot x4  
  195  11:26  Dark Shrine  
  195  11:35  Probe x4  
  199  11:42  Nexus  
  197  11:57  Gateway  
  197  11:58  Pylon  
  197  11:59  Gravitic Boosters, Dark Shrine  
  197  12:00  Gateway  
  197  12:02  Gateway, Probe x3  
  197  12:04  Gateway  
  200  12:19  Protoss Shields Level 1  
  200  12:29  Shadow Stride, Disruptor x2  
  199  12:43  Zealot x6  
  193  12:52  Photon Cannon  
  193  12:54  Photon Cannon  
  193  12:55  Photon Cannon  
  193  12:56  Shield Battery  
  193  12:57  Shield Battery  
  187  12:59  Observer, Zealot x6  
  187  13:04  Photon Cannon  
  199  13:06  Shield Battery  
  199  13:07  Shield Battery  
  199  13:08  Photon Cannon  
  199  13:10  Shield Battery x2  
  199  13:14  Probe  
  199  13:16  Photon Cannon  
  199  13:18  Zealot  
  196  13:34  Disruptor x2  
  176  13:41  Dark Templar  
  176  13:47  Probe  
  176  13:48  Probe x4  
  190  13:51  Probe  
  192  14:00  Probe x2  
  194  14:04  Nexus  
  194  14:11  Pylon, Probe  
  194  14:15  Nexus  
  194  14:16  Pylon  
  195  14:37  Protoss Shields Level 2  
  195  14:41  Dark Templar  
  195  14:52  Stargate  
  195  14:54  Probe x2, Photon Cannon  
  195  14:55  Shield Battery, Gateway x2, Probe, Photon Cannon  
  195  14:57  Shield Battery  
  195  14:59  Shield Battery  
  193  15:13  Disruptor x2  
  189  15:18  Dark Templar x2  
  189  15:19  Dark Templar x2, Zealot x2  
  189  15:20  Zealot x10  
  165  15:44  Stalker x9  
  183  15:51  Probe x6  
  183  15:52  Probe  
  183  15:54  Assimilator  
  183  15:55  Assimilator  
  167  16:18  Stalker x3, Zealot x6  
  159  16:19  Stalker x6  
  159  16:24  Dark Templar  
  179  16:26  Probe  
  179  16:27  Probe x4  
  179  16:28  Probe  
  183  16:41  Zealot x4  
  183  16:42  Zealot x5  
  196  16:50  Archon  
  196  16:53  Stalker x5  
  164  17:09  Zealot x6  
  164  17:10  Zealot x7  
Tags
 
Add a new tag
Caveats
  • Supply blocks, unpowered buildings, or Contaminate may cause inaccurate times.
  • Supply counts are checked every 10 seconds.